 Dungeon Crawl Stone Soup version 0.27-a0-965-gbf8bb431c4 (webtiles) character file.

Game seed: 16451275071730898728

21 leviel the Insei (level 2, -6/22 HPs)
             Began as a Djinni Transmuter on Apr 12, 2021.
             Shot with an arrow by a centaur (13 damage)
             ... on level 2 of the Dungeon.
             The game lasted 00:01:41 (1238 turns).

leviel the Insei (Djinni Transmuter)                Turns: 1238, Time: 00:01:41

Health: -6/22      AC:  2    Str:  9    XL:     2   Next: 87%
Gold:   73         EV: 12    Int: 14    God:
                   SH:  0    Dex: 13

rFire    + + .     SeeInvis .     - Unarmed
rCold    x . .     Faith    .   (no shield)
rNeg     . . .     Spirit   .   a - +0 robe
rPois    ∞         Reflect  .   (no helmet)
rElec    .         Harm     .   (no cloak)
rCorr    .         Rampage  .   (no gloves)
Will     .....                  (boots unavailable)
Stlth    +.........             (no amulet)
HPRegen  0.07/turn              (no ring)
MPRegen  0.00/turn              (no ring)

@: flying
A: fire resistance 2, cold vulnerability 1, float, innate caster, hp casting,
extra vitality 1
a: no special abilities


You were on level 2 of the Dungeon.
You visited 1 branch of the dungeon, and saw 2 of its levels.

You collected 73 gold pieces.

Inventory:

Armour
 a - a +0 robe (worn)
Scrolls
 c - a scroll of blinking {unknown}
 d - a scroll of vulnerability {unknown}
Potions
 b - a potion of brilliance {unknown}


   Skills:
 + Level 1.1 Fighting
 + Level 2.5 Dodging
 + Level 0.1 Stealth
 + Level 3.6 Unarmed Combat
 + Level 1.9 Spellcasting


You couldn't memorise any spells.
You knew the following spells:

 Your Spells              Type           Power      Damage    Failure   Level
a - Beastly Appendage     Tmut           12%        N/A       11%         1
b - Wereblood             Tmut           6%         N/A       17%         2
c - Spider Form           Tmut/Pois      3%         N/A       32%         3
d - Ice Form              Ice/Tmut       6%         N/A       73%         4
e - Hydra Form            Tmut           3%         N/A       97%         5
Your spell library was empty.

Dungeon Overview and Level Annotations

Branches:
Dungeon (2/15)

Altars:


Innate Abilities, Weirdness & Mutations

You are immune to poison.
Your flesh is very heat resistant. (rF++)
You are vulnerable to cold. (rC-)
You float through the air rather than walking.
You learn spells naturally, not from books.
Your magical power is your life essence.
You have superior vitality. (+4 HP)


Message History

The goblin is moderately wounded.
The goblin hits you with a +0 club. The rat bites you.
You are too injured to fight recklessly!
You are too injured to fight recklessly!
You are too injured to fight recklessly!
The rat barely misses you.
You are too injured to fight recklessly!
You barely miss the goblin.
You headbutt the goblin, but do no damage.
The goblin is moderately wounded.
The goblin hits you with a +0 club.
You hit the goblin.
You kill the goblin!
You hit the rat but do no damage.
Your horns disappear.
The rat bites you.
You closely miss the rat. The rat bites you.
* * * LOW HITPOINT WARNING * * *
You are too injured to fight recklessly!
Casting: Beastly Appendage (safe; 11% risk of failure)
Confirm with . or Enter, or press ? or * to list all spells.
You grow a pair of large bovine horns.
* * * LOW HITPOINT WARNING * * *
The rat misses you.
You hit the rat.
You kill the rat!
Things that are here:
a +0 club; a rat corpse You start resting.
Your transformation is almost over.
You start resting.
Your horns disappear.
You start resting.
A centaur comes into view.
The centaur shouts!
The centaur wields a +0 shortbow.
The centaur shoots an arrow.
The arrow closely misses you.
The centaur shoots an arrow.
The arrow hits you!
Ouch! That really hurt!
You die...

... ..#.# #.# ##..#.#
#.# ##$?##.# #...
#..##..#
#.#..#.c.)..#
#.##.##).##c#
#.##..####..#
#########.###......##
..........##..#.@###
)#######...#.###...#
.# #.......#..#.# .#
##...##...##.# .#
##.####### . .# #.#
#. .# #.# .# .# #+# #
.##


You could see a centaur.

Vanquished Creatures
  2 bats
  An endoplasm (D:1)
  A giant cockroach (D:1)
  4 goblins
  2 kobolds (D:1)
  A quokka (D:1)
  3 ball pythons (D:1)
  4 rats
18 creatures vanquished.

Notes
Turn   | Place    | Note
-------+----------+-------------------------------------------
     0 | D:1      | leviel the Djinni Transmuter began the quest for the Orb.
     0 | D:1      | Reached XP level 1. HP: 17/17 MP: 0/0
   378 | D:1      | Reached XP level 2. HP: 14/22 MP: 0/0
  1233 | D:2      | Noticed a centaur
  1238 | D:2      | Shot with an arrow by a centaur

Illustrated notes

Levels and vault maps discovered:
D:1:      mrwooster_arrival_statue_2, layout_rooms
D:2:      layout_loops_corners, minmay_misc_feat_more_columns, minivault_27,
          minmay_close_crescents

Action                   || total
-------------------------++-------
Melee: Unarmed           ||    57
       Headbutt          ||     9
 Cast: Beastly Appendage ||    14
 Stab: Sleeping          ||     3
Armor: Robe              ||     9
Dodge: Dodged            ||    39

Table legend: (Time is in decaauts)
 A = Elapsed time spent in this place.
 B = Non-inter-level travel time spent in this place.
 C = Inter-level travel time spent in this place.
 D = Time resting spent in this place.
 E = Time spent auto-exploring this place.
 F = Levels seen in this place.
 G = Mean time per level.
                   A        B        C        D        E       F      G
               +--------+--------+--------+--------+--------+-----+--------+
         Total |   1234 |   1161 |     73 |     22 |   1010 |   2 |  617.0 |
       Dungeon |   1234 |   1161 |     73 |     22 |   1010 |   2 |  617.0 |
               +--------+--------+--------+--------+--------+-----+--------+

Top non-repeatable levels by time:
     D:1: 1110 daAuts
     D:2: 124 daAuts
